Map: Rooftop Terrace

Players

neulaender

  • Race: Zerg Zerg

Baumdoktor

  • Race: Protoss Protoss

BennTenn

  • Race: Terran Terran

A.I. 3 (Elite)

  • Race: Zerg Zerg

A.I. 4 (Elite)

  • Race: Zerg Zerg

A.I. 5 (Elite)

  • Race: Terran Terran

VOD

Have the link to the VOD?

Description

Time

  • Played on: Oct. 13, 2016, 1:25 p.m.
  • Length: 9:02
Show
View Real Time Build Order
Export as new Build Order

neulaender Zerg 

Build Orders: Hatch First 

Get SALT Encoding   

  12  0:01  Drone  
  13  0:08  Drone  
  14  0:18  Overlord  
  14  0:41  Drone  
  15  0:49  Hatchery  
  14  0:50  Drone  
  15  1:17  Spawning Pool  
  14  1:18  Drone  
  14  1:19  Drone, Extractor  
  14  1:20  Drone  
  16  1:31  Drone  
  17  1:40  Drone  
  18  1:56  Overlord  
  18  2:03  Queen  
  18  2:04  Queen  
  18  2:06  Drone x2  
  24  2:13  Drone x2  
  26  2:24  Drone  
  26  2:25  Drone  
  28  2:30  Metabolic Boost  
  28  2:34  Drone x2  
  30  2:45  Drone  
  30  2:46  Drone  
  32  2:51  Extractor  
  32  2:56  Drone  
  32  2:58  Drone  
  33  3:06  Drone  
  33  3:08  Drone  
  35  3:20  Drone  
  35  3:21  Overlord x2  
  35  3:22  Overlord x3  
  35  3:25  Lair  
  36  3:31  Evolution Chamber  
  36  3:33  Evolution Chamber  
  34  3:40  Roach Warren  
  33  3:49  Zergling x2  
  33  3:50  Zergling x6  
  37  3:56  Zergling x6  
  37  4:01  Zerg Missile Weapons Level 1  
  40  4:08  Zerg Ground Armor Level 1  
  40  4:22  Glial Reconstitution  
  40  4:24  Zergling x2  
  40  4:25  Zergling x8  
  44  4:40  Zergling x12  
  44  4:53  Roach  
  44  4:54  Roach x3  
  48  5:09  Roach x2  
  48  5:10  Roach x3  
  48  5:14  Drone  
  58  5:21  Roach  
  56  5:38  Roach x2  
  56  5:39  Roach  
  62  5:44  Drone x4  
  62  5:46  Drone x3  
  62  5:49  Tunneling Claws  
  69  5:52  Zergling x2  
  70  6:00  Overlord  
  70  6:15  Drone x4, Extractor  
  70  6:16  Zerg Missile Weapons Level 2  
  70  6:17  Extractor  
  72  6:20  Zergling x12  
  78  6:39  Drone  
  79  6:53  Roach  
  79  6:54  Roach  
  83  6:56  Overlord x2  
  83  6:57  Hatchery, Overlord x5  
  82  7:17  Hatchery  
  81  7:33  Hydralisk Den  
  81  7:34  Drone x8  
  81  7:35  Drone x2  
  90  7:37  Overlord  
  90  7:46  Roach  
  92  8:01  Roach x8  
  87  8:22  Roach x6  
  79  8:30  Roach  
  79  8:31  Roach x2  
Show
View Real Time Build Order
Export as new Build Order

Baumdoktor Protoss 

Build Orders: 1 Gate Expand 

Get SALT Encoding   

  12  0:02  Probe (Chrono Boost)  
  13  0:13  Probe (Chrono Boost)  
  14  0:19  Pylon  
  14  0:23  Probe (Chrono Boost)  
  15  0:37  Probe (Chrono Boost)  
  16  0:43  Gateway  
  16  0:47  Probe (Chrono Boost)  
  17  1:12  Nexus  
  17  1:18  Probe (Chrono Boost)  
  18  1:32  Assimilator  
  18  1:37  Assimilator  
  18  1:41  Cybernetics Core  
  18  1:44  Pylon  
  18  1:48  Probe (Chrono Boost)  
  19  1:59  Probe (Chrono Boost)  
  20  2:09  Probe (Chrono Boost)  
  21  2:20  Probe (Chrono Boost)  
  22  2:30  Probe (Chrono Boost)  
  22  2:36  Twilight Council  
  23  2:39  Gateway  
  23  2:41  Probe (Chrono Boost)  
  24  2:44  Gateway  
  24  2:50  Gateway  
  25  2:51  Probe (Chrono Boost)  
  25  2:56  Probe (Chrono Boost)  
  26  3:06  Probe (Chrono Boost)  
  27  3:14  Mothership Core (Chrono Boost)  
  27  3:17  Probe (Chrono Boost)  
  30  3:27  Probe (Chrono Boost)  
  30  3:30  Warp Gate  
  30  3:32  Probe (Chrono Boost)  
  30  3:33  Charge  
  32  3:38  Probe (Chrono Boost)  
  33  3:43  Probe (Chrono Boost)  
  33  3:48  Adept x3  
  40  3:52  Adept  
  42  4:05  Probe (Chrono Boost)  
  43  4:15  Probe (Chrono Boost)  
  44  4:26  Probe (Chrono Boost)  
  44  4:36  Probe (Chrono Boost)  
  44  4:40  Pylon  
  44  4:44  Pylon  
  40  4:58  Zealot x3  
  48  5:13  Resonating Glaives  
  41  5:25  Zealot  
  43  5:35  Pylon  
  41  5:37  Pylon  
  41  5:41  Pylon  
  41  5:43  Pylon  
  41  5:46  Pylon  
  41  5:48  Pylon  
  41  5:55  Assimilator  
  41  5:57  Assimilator  
  39  6:20  Gateway  
  39  6:22  Gateway  
  39  6:23  Gateway  
  39  6:26  Gateway  
  39  6:27  Gateway  
  39  6:28  Gateway  
  39  6:29  Gateway  
  39  6:41  Probe (Chrono Boost)  
  40  6:51  Stalker  
  40  6:52  Probe (Chrono Boost), Stalker x2  
  47  7:02  Probe (Chrono Boost)  
  48  7:12  Robotics Facility  
  48  7:13  Probe x2 (Chrono Boost)  
  50  7:16  Robotics Facility  
  50  7:23  Probe (Chrono Boost)  
  50  7:27  Zealot x3  
  57  7:34  Probe (Chrono Boost)  
  58  7:39  Zealot x3  
  64  7:44  Probe (Chrono Boost)  
  64  7:49  Stalker  
  64  7:50  Stalker x2  
  71  7:55  Probe (Chrono Boost)  
  72  8:05  Immortal  
  76  8:08  Immortal  
  49  8:36  Zealot x3  
  49  8:37  Zealot x4  
  49  8:38  Zealot  
  49  8:47  Zealot x4  
Show
View Real Time Build Order
Export as new Build Order

BennTenn Terran 

Build Orders: Mech 

Get SALT Encoding   

  12  0:03  SCV  
  13  0:15  SCV  
  13  0:20  Supply Depot  
  14  0:37  SCV  
  15  0:48  Barracks  
  15  0:49  SCV  
  16  1:11  SCV  
  17  1:15  Refinery  
  17  1:23  SCV  
  17  1:25  Supply Depot  
  18  1:35  SCV  
  19  1:46  Refinery  
  19  1:49  SCV  
  20  2:00  Marine  
  20  2:01  SCV  
  22  2:16  SCV  
  22  2:18  Marine  
  24  2:35  Marine  
  25  2:46  Command Center  
  25  2:53  Marine, SCV  
  27  3:05  Factory  
  27  3:10  SCV  
  27  3:11  Marine  
  29  3:22  SCV  
  30  3:29  Marine  
  31  3:34  Factory  
  31  3:58  SCV, Marine  
  31  4:02  SCV  
  34  4:06  Refinery  
  34  4:10  SCV  
  34  4:14  Refinery, SCV  
  34  4:16  Marine  
  36  4:22  SCV  
  37  4:24  Factory Tech Lab  
  37  4:26  SCV  
  38  4:31  Armory  
  38  4:32  Factory Tech Lab  
  38  4:33  Marine  
  38  4:34  SCV  
  40  4:39  SCV  
  41  4:46  SCV  
  41  4:51  SCV  
  43  4:53  Marine  
  43  4:59  SCV  
  45  5:11  SCV  
  46  5:17  Supply Depot  
  46  5:22  Supply Depot  
  46  5:32  Supply Depot  
  46  5:37  Terran Ship Weapons Level 1  
  46  5:39  Siege Tank x2, SCV  
  53  5:51  SCV  
  53  5:54  Factory  
  54  5:59  Barracks, Supply Depot  
  54  6:03  SCV  
  55  6:11  Siege Tank, Supply Depot  
  58  6:15  SCV  
  59  6:23  Command Center  
  59  6:26  Siege Tank  
  62  6:43  Siege Tank  
  62  6:44  Factory Tech Lab  
  62  6:46  Starport  
  65  6:58  Siege Tank  
  68  7:03  Orbital Command  
  68  7:05  Orbital Command  
  68  7:08  Siege Tank  
  71  7:15  Siege Tank  
  74  7:30  Siege Tank  
  77  8:07  SCV  
  78  8:14  Command Center  
  78  8:19  SCV  
  79  8:31  SCV  
  77  8:43  SCV  
Show
View Real Time Build Order
Export as new Build Order

A.I. 3 (Elite) Zerg 

Build Orders: Pool First 

Get SALT Encoding   

  12  0:01  Drone  
  13  0:12  Overlord  
  13  0:17  Drone  
  14  0:30  Drone  
  15  0:42  Drone, Spawning Pool  
  15  0:46  Drone  
  16  0:50  Drone  
  16  0:54  Extractor  
  16  0:56  Drone  
  17  1:06  Drone  
  18  1:17  Drone  
  19  1:30  Queen  
  19  1:31  Zergling x2  
  22  1:33  Roach Warren  
  22  1:38  Overlord  
  21  1:49  Drone  
  22  1:59  Overlord  
  22  2:14  Roach  
  24  2:21  Roach  
  26  2:32  Roach  
  26  2:37  Roach x2, Overlord  
  34  2:44  Roach  
  34  2:57  Hatchery  
  33  3:01  Drone  
  34  3:07  Roach  
  38  3:12  Roach  
  38  3:18  Roach  
  40  3:24  Roach  
  42  3:28  Roach  
  46  3:34  Roach  
  46  3:41  Overlord  
  46  3:59  Zergling x4  
  46  4:00  Zergling x2  
  49  4:09  Baneling Nest, Zergling x2  
  49  4:10  Zergling x2  
  49  4:12  Zergling x2  
  49  4:16  Zergling x2  
  52  4:22  Zergling x2  
  50  4:39  Zergling x2  
  50  4:43  Drone  
  50  4:52  Baneling, Lair  
  50  4:53  Baneling x2  
  48  5:02  Baneling x2  
  46  5:12  Extractor  
  39  5:15  Extractor  
  39  5:16  Drone  
  39  5:19  Drone  
  39  5:22  Extractor  
  39  5:25  Drone  
  30  5:29  Zergling x2  
  30  5:32  Zergling x2  
  25  5:41  Drone  
  26  5:45  Drone  
  26  5:48  Drone  
  28  5:51  Baneling  
  28  5:52  Zergling x2  
  28  5:54  Drone  
  30  5:58  Drone, Hydralisk Den  
  30  6:02  Drone  
  31  6:09  Drone  
  32  6:14  Roach  
  32  6:18  Drone, Roach  
  37  6:19  Roach  
  37  6:20  Roach  
  41  6:26  Hydralisk  
  41  6:32  Hydralisk  
  43  6:39  Hydralisk  
  45  6:46  Hydralisk  
  49  6:51  Drone  
  49  6:53  Drone  
  51  6:57  Drone  
  51  7:00  Drone  
  53  7:04  Drone  
  54  7:10  Overlord  
  54  7:14  Drone  
  55  7:17  Drone  
  55  7:20  Drone  
  58  7:22  Drone  
  58  7:26  Drone  
  58  7:29  Drone  
  60  7:32  Drone  
  60  7:36  Overlord  
  61  7:39  Drone  
  61  7:41  Drone  
  64  7:44  Drone  
  64  7:48  Drone  
  64  7:51  Drone  
  66  7:54  Drone  
  66  7:55  Drone  
  68  7:58  Overseer  
  68  7:59  Overlord  
  68  8:01  Drone  
  68  8:03  Drone  
  70  8:09  Zergling x2  
  67  8:13  Zergling x2  
  61  8:20  Roach  
  61  8:24  Roach  
  61  8:26  Roach  
  61  8:27  Drone, Roach  
  67  8:28  Infestation Pit  
  67  8:30  Hydralisk  
  65  8:35  Hydralisk  
  68  9:01  Hatchery  
Show
View Real Time Build Order
Export as new Build Order

A.I. 4 (Elite) Zerg 

Build Orders: Pool First 

Get SALT Encoding   

  12  0:01  Drone  
  13  0:12  Overlord  
  13  0:18  Drone  
  14  0:30  Drone  
  14  0:31  Drone  
  16  0:43  Spawning Pool  
  16  0:45  Drone  
  16  0:50  Drone  
  17  1:13  Hatchery  
  17  1:16  Drone  
  17  1:18  Extractor  
  16  1:21  Drone  
  16  1:23  Extractor  
  16  1:27  Drone  
  16  1:32  Drone  
  18  1:38  Drone  
  19  1:49  Overlord  
  19  1:59  Queen  
  21  2:05  Zergling x2  
  22  2:11  Drone  
  23  2:26  Queen  
  25  2:32  Drone  
  26  2:38  Drone  
  26  2:43  Drone  
  28  2:47  Drone  
  29  3:00  Roach Warren  
  29  3:02  Drone  
  30  3:05  Drone  
  30  3:08  Zergling x2  
  30  3:12  Zergling x2  
  32  3:18  Overlord  
  32  3:21  Drone  
  32  3:24  Drone  
  34  3:40  Roach x3  
  40  3:43  Roach  
  42  3:48  Lair  
  42  3:53  Overlord  
  42  3:58  Overlord  
  42  4:02  Zergling x2  
  43  4:04  Zergling x2  
  44  4:11  Zergling x2  
  44  4:12  Drone  
  44  4:13  Drone  
  44  4:15  Drone  
  48  4:18  Drone  
  48  4:21  Drone  
  50  4:25  Roach  
  50  4:29  Roach  
  54  4:34  Overlord  
  54  4:42  Zergling x2  
  54  4:44  Zergling x2  
  53  4:45  Zergling x2  
  53  4:47  Infestation Pit  
  53  4:48  Drone  
  53  4:50  Drone  
  55  4:53  Drone  
  55  4:55  Drone  
  55  4:57  Drone  
  56  5:00  Roach  
  56  5:04  Roach  
  53  5:07  Roach  
  53  5:10  Roach  
  55  5:15  Hydralisk Den  
  55  5:20  Drone  
  55  5:21  Drone  
  55  5:23  Drone  
  55  5:25  Drone  
  55  5:27  Drone  
  59  5:31  Overlord  
  59  5:32  Drone  
  59  5:34  Drone  
  61  5:36  Drone  
  61  5:38  Drone  
  61  5:40  Drone  
  61  5:41  Drone  
  65  5:43  Drone  
  65  5:46  Hydralisk  
  65  5:48  Hydralisk  
  70  5:53  Overlord  
  70  5:55  Infestor  
  70  5:56  Roach  
  74  5:58  Roach  
  76  6:11  Roach, Infestor  
  76  6:12  Roach, Overlord  
  76  6:16  Baneling Nest  
  81  6:20  Evolution Chamber  
  81  6:21  Hatchery  
  79  6:27  Drone  
  79  6:28  Drone  
  81  6:36  Ravager  
  81  6:37  Evolution Chamber  
  81  6:38  Drone  
  82  6:40  Overlord  
  82  6:43  Roach  
  82  6:44  Ravager  
  82  6:46  Roach  
  87  6:48  Zerg Missile Weapons Level 1, Hydralisk  
  89  6:57  Hydralisk, Extractor  
  89  6:59  Overlord  
  89  7:00  Baneling, Drone, Extractor  
  90  7:02  Baneling  
  90  7:03  Zerg Ground Armor Level 1  
  90  7:07  Baneling  
  90  7:08  Zergling x2  
  91  7:19  Drone  
  91  7:20  Drone x2, Overseer  
  91  7:21  Baneling  
  94  7:23  Drone x2  
  94  7:24  Drone, Overlord  
  94  7:25  Baneling, Zergling x2  
  94  7:27  Baneling  
  100  7:30  Roach  
  100  7:34  Drone  
  100  7:35  Drone x2  
  100  7:36  Drone x2  
  105  7:41  Drone, Extractor  
  105  7:43  Drone  
  106  7:46  Overlord, Roach  
  106  7:47  Drone  
  106  7:48  Drone  
  110  7:52  Drone  
  110  7:53  Drone x2, Roach  
  110  7:54  Drone  
  110  7:56  Baneling x2  
  110  7:57  Zergling x2  
  117  8:03  Drone  
  117  8:05  Drone  
  119  8:08  Overlord  
  119  8:14  Drone  
  119  8:16  Drone  
  119  8:18  Zergling x2  
  119  8:19  Zergling x2, Roach  
  106  8:20  Roach  
  106  8:23  Roach, Hydralisk  
  106  8:24  Roach  
  106  8:26  Drone x2  
  96  8:30  Hydralisk  
  96  8:32  Hatchery  
  95  8:36  Baneling  
  95  8:37  Drone x2  
  97  8:41  Drone  
  97  8:48  Ravager  
Show
View Real Time Build Order
Export as new Build Order

A.I. 5 (Elite) Terran 

Build Orders: MMM Bio 

Get SALT Encoding   

  12  0:01  SCV  
  13  0:13  SCV  
  14  0:19  Supply Depot  
  14  0:25  SCV  
  15  0:41  SCV  
  16  0:45  Barracks  
  16  0:53  SCV  
  17  1:05  SCV  
  18  1:13  Refinery  
  18  1:16  Supply Depot  
  18  1:17  SCV  
  19  1:29  SCV  
  20  1:34  Marine  
  21  1:45  Command Center  
  21  2:10  Barracks, SCV  
  21  2:14  Marine  
  23  2:17  Factory  
  23  2:22  SCV  
  24  2:27  Supply Depot  
  24  2:33  Marine  
  24  2:34  SCV  
  26  2:46  SCV  
  26  2:50  Marine  
  28  2:57  Orbital Command  
  28  2:58  SCV  
  28  3:02  Factory Tech Lab  
  29  3:05  Refinery  
  29  3:15  Orbital Command  
  29  3:17  Marine  
  30  3:20  Marine  
  30  3:26  SCV  
  32  3:35  Marine  
  32  3:38  SCV, Marine  
  32  3:40  SCV  
  36  3:49  Barracks  
  36  3:50  SCV  
  36  3:52  SCV  
  36  3:53  Marine  
  39  3:57  Barracks Tech Lab  
  39  4:02  SCV  
  40  4:04  Supply Depot  
  40  4:05  SCV  
  41  4:11  Barracks Tech Lab  
  41  4:14  SCV  
  41  4:15  Stimpack, Marine  
  44  4:17  SCV  
  44  4:20  Siege Tank  
  47  4:26  SCV  
  47  4:29  Combat Shields, Marine, SCV  
  50  4:33  Marine  
  50  4:36  Marine  
  52  4:39  Supply Depot, SCV  
  52  4:41  SCV  
  54  4:47  Marine  
  54  4:51  Marauder, SCV  
  58  4:53  SCV  
  59  5:01  Refinery  
  59  5:03  Hellion, SCV  
  59  5:05  Marauder, Supply Depot, SCV  
  65  5:12  Command Center  
  65  5:20  Marauder  
  67  5:25  Hellion  
  67  5:27  Marauder, SCV  
  72  5:31  Engineering Bay  
  72  5:34  SCV  
  73  5:36  Supply Depot  
  73  5:39  SCV  
  73  5:41  Marauder  
  76  5:46  Hellion  
  78  5:52  Engineering Bay, Barracks Reactor  
  78  5:56  Terran Infantry Weapons Level 1  
  78  5:58  Marauder, SCV  
  78  6:00  Supply Depot, SCV  
  82  6:04  Marauder  
  82  6:10  SCV  
  85  6:12  Missile Turret  
  85  6:14  SCV  
  85  6:16  Missile Turret  
  85  6:18  Terran Infantry Armor Level 1  
  86  6:22  Siege Tank, Barracks, Marauder  
  91  6:26  SCV, Concussive Shells  
  91  6:27  SCV  
  91  6:28  Starport  
  91  6:30  SCV  
  94  6:34  Marauder  
  94  6:38  SCV  
  97  6:42  Supply Depot  
  97  6:43  Marauder, SCV x2  
  101  6:50  SCV  
  105  6:54  Siege Tank  
  105  6:55  SCV  
  105  6:58  Orbital Command, Armory  
  106  7:03  SCV  
  106  7:07  Starport Reactor, Supply Depot, SCV  
  108  7:13  Refinery  
  108  7:15  SCV  
  109  7:16  Refinery  
  109  7:19  SCV  
  109  7:22  Refinery  
  110  7:26  Armory  
  110  7:27  SCV  
  110  7:28  Marine  
  110  7:29  SCV  
  113  7:30  Missile Turret  
  113  7:31  Command Center, SCV  
  113  7:35  Missile Turret  
  114  7:37  Supply Depot  
  114  7:39  SCV  
  114  7:42  Siege Tank  
  114  7:43  SCV  
  114  7:44  SCV  
  120  7:50  Medivac  
  120  7:51  SCV  
  123  7:59  SCV  
  123  8:00  SCV  
  123  8:01  Supply Depot  
  123  8:02  Marine  
  123  8:04  Medivac  
  128  8:06  Marauder  
  130  8:14  Hellion  
  130  8:17  Marine  
  125  8:20  Marine  
  125  8:21  Marauder  
  125  8:22  Marine  
  125  8:26  Supply Depot  
  128  8:28  Marauder  
  128  8:33  Missile Turret  
  120  8:35  Marine  
  120  8:37  Marine  
  120  8:40  Marine  
  116  8:55  Refinery  
Tags
 
Add a new tag
Caveats
  • Supply blocks, unpowered buildings, or Contaminate may cause inaccurate times.
  • Supply counts are checked every 10 seconds.